Map: Thunderbird LE

Players

MaSa

  • Race: Terran Terran
  • Spawn Location: 11:00

Scarlett - Winner!

  • Race: Zerg Zerg
  • Spawn Location: 5:00

VOD

Have the link to the VOD?

Description

Time

  • Played on: Sept. 7, 2019, 12:34 p.m.
  • Length: 19:35
Show
View Real Time Build Order
Export as new Build Order

MaSa Terran 

Build Orders: Reaper Expand 

Get SALT Encoding   

  12  0:00  SCV  
  13  0:13  SCV  
  14  0:17  Supply Depot  
  14  0:25  SCV  
  15  0:38  SCV  
  15  0:39  Barracks  
  16  0:44  Refinery  
  16  0:50  SCV  
  17  1:02  SCV  
  18  1:14  SCV  
  19  1:27  Orbital Command  
  19  1:28  Reaper  
  20  1:40  Command Center  
  20  1:47  Bunker  
  20  1:54  SCV  
  21  1:59  Supply Depot  
  21  2:01  Marine  
  21  2:06  SCV  
  23  2:21  SCV  
  25  2:23  Factory, Barracks Reactor  
  24  2:33  SCV  
  25  2:45  Command Center, SCV  
  26  2:55  Orbital Command  
  26  2:58  SCV, Refinery  
  27  3:11  SCV  
  27  3:12  Starport  
  26  3:13  Marine  
  29  3:20  Hellion  
  29  3:26  Hellion  
  31  3:29  SCV  
  32  3:34  SCV  
  32  3:40  Barracks Tech Lab  
  32  3:41  SCV  
  34  3:46  SCV  
  35  3:50  Viking  
  35  3:53  SCV  
  38  3:58  SCV, Fusion Core  
  40  4:03  Hellion  
  40  4:05  Hellion  
  40  4:06  SCV  
  44  4:11  SCV  
  44  4:12  Orbital Command  
  45  4:18  SCV  
  45  4:24  SCV  
  47  4:27  Hellion x2  
  47  4:30  SCV  
  52  4:36  SCV  
  53  4:39  SCV  
  53  4:41  Supply Depot  
  53  4:42  SCV, Supply Depot, Refinery  
  55  4:45  Refinery  
  55  4:48  SCV  
  56  4:54  SCV  
  56  4:56  SCV  
  58  5:01  SCV  
  58  5:03  Battlecruiser  
  58  5:04  Orbital Command  
  58  5:05  Supply Depot x2  
  65  5:07  SCV  
  65  5:08  Hellion  
  65  5:10  Hellion  
  70  5:18  SCV  
  71  5:23  SCV  
  71  5:25  Refinery  
  71  5:28  Refinery  
  72  5:29  Hellion  
  72  5:30  SCV, Barracks Tech Lab  
  72  5:31  SCV, Hellion  
  72  5:35  SCV  
  75  5:39  Factory  
  75  5:42  SCV  
  72  5:45  SCV  
  72  5:47  Factory  
  73  5:50  SCV  
  73  5:51  Hellion  
  73  5:52  Supply Depot  
  73  5:54  SCV, Barracks Tech Lab  
  73  5:56  Hellion  
  79  5:57  SCV  
  79  6:00  Weapon Refit  
  79  6:02  SCV  
  81  6:06  SCV  
  81  6:10  SCV  
  83  6:14  SCV, Battlecruiser  
  90  6:18  SCV  
  90  6:20  Hellion x2  
  90  6:22  SCV  
  96  6:26  SCV, Supply Depot  
  96  6:30  Barracks Tech Lab  
  96  6:31  SCV  
  98  6:37  Cyclone  
  98  6:38  Mag-Field Accelerator  
  101  6:42  Armory  
  101  6:43  Armory  
  101  6:47  SCV x2  
  101  6:48  Hellion x2  
  101  6:49  Supply Depot  
  101  6:54  SCV  
  108  6:58  Barracks Reactor  
  108  7:02  SCV  
  109  7:09  Supply Depot  
  109  7:10  Cyclone, SCV, Supply Depot  
  109  7:12  Command Center, Supply Depot  
  113  7:16  Hellion x2  
  117  7:30  SCV x2  
  117  7:31  SCV, Cyclone, Terran Vehicle Weapons Level 1, Battlecruiser  
  129  7:38  Terran Vehicle And Ship Armor Level 1  
  129  7:40  Hellion x2  
  129  7:43  SCV x3  
  136  7:44  Supply Depot  
  136  7:55  SCV  
  136  7:57  Factory  
  137  7:58  Factory  
  137  7:59  Cyclone  
  137  8:00  SCV  
  137  8:01  SCV  
  140  8:06  Cyclone, Hellion x2  
  140  8:07  SCV  
  140  8:10  Supply Depot  
  148  8:14  SCV  
  148  8:18  Supply Depot  
  148  8:19  Supply Depot x2  
  149  8:23  Infernal Pre-Igniter  
  149  8:24  SCV  
  150  8:28  Hellion x2  
  150  8:31  Cyclone  
  157  8:38  Engineering Bay, Battlecruiser  
  157  8:40  Hellion  
  165  8:42  Refinery  
  165  8:43  Cyclone  
  165  8:48  Hellion, Refinery  
  170  9:01  Cyclone  
  173  9:06  Planetary Fortress  
  173  9:09  SCV x2  
  173  9:11  Hellion x3  
  173  9:13  Cyclone  
  182  9:23  Missile Turret  
  182  9:25  Sensor Tower  
  178  9:42  Cyclone x2, Hellion, Battlecruiser  
  178  9:43  Hellion  
  172  9:58  Command Center, Starport  
  172  9:59  Siege Tank, Hellion x2  
  179  10:03  Supply Depot  
  179  10:09  Hellion x2  
  179  10:13  Command Center  
  179  10:14  Cyclone  
  184  10:20  Terran Vehicle And Ship Armor Level 2  
  184  10:21  Terran Ship Weapons Level 1  
  172  10:29  Hellion x2  
  136  10:43  Cyclone, Hellion x2  
  136  10:47  Battlecruiser  
  144  10:53  Hellion  
  144  10:54  Siege Tank, Hellion  
  148  10:58  Starport, Starport Tech Lab  
  148  11:08  Cyclone, Hellion x2  
  148  11:10  Liberator  
  155  11:15  Cyclone  
  150  11:24  Hellion x2  
  144  11:26  Cyclone  
  144  11:28  Advanced Ballistics  
  147  11:34  Orbital Command  
  147  11:38  Planetary Fortress  
  147  11:41  Command Center  
  150  11:51  Hellion x4, Battlecruiser  
  160  12:00  Hellion  
  145  12:01  Cyclone x2  
  145  12:03  Refinery x2  
  142  12:11  Starport Tech Lab  
  142  12:12  Hellion, Battlecruiser  
  145  12:20  Terran Ship Weapons Level 2  
  145  12:21  Command Center  
  145  12:31  Battlecruiser  
  145  12:33  Hellion x3  
  145  12:34  Starport x2  
  153  12:48  Cyclone x3  
  162  13:02  Hellion x4  
  162  13:03  Battlecruiser  
  176  13:06  Orbital Command  
  176  13:14  Terran Vehicle And Ship Armor Level 3  
  176  13:16  Command Center  
  176  13:20  Cyclone  
  179  13:28  Starport Reactor x2  
  179  13:30  Supply Depot, Battlecruiser  
  185  13:34  Supply Depot  
  185  13:36  Battlecruiser  
  186  13:48  Liberator  
  186  13:52  Liberator  
  186  13:58  Cyclone x2  
  186  14:01  Hellion x4  
  160  14:06  Liberator  
  160  14:08  Battlecruiser  
  167  14:24  Viking  
  169  14:33  Liberator  
  169  14:35  Battlecruiser  
  169  14:36  Terran Vehicle Weapons Level 2  
  163  14:40  Battlecruiser  
  163  14:43  Cyclone x2, Hellion x4  
  183  14:46  Liberator  
  183  14:47  Orbital Command  
  186  14:56  Cyclone  
  189  15:02  Liberator  
  189  15:04  Hellion  
  189  15:05  Hellion  
  196  15:09  Refinery  
  199  15:23  Refinery  
  198  15:39  Liberator  
  195  15:52  Planetary Fortress  
  195  15:54  Liberator  
  198  15:58  Hellion  
  198  15:59  Liberator  
  200  16:05  Liberator  
  200  16:16  Liberator  
  195  16:24  Battlecruiser x2  
  191  16:36  Cyclone x2, Hellion x3  
  192  16:45  Hellion  
  192  16:46  Hellion  
  193  16:53  Terran Ship Weapons Level 3, Terran Vehicle Weapons Level 3  
  193  16:58  Command Center  
  193  16:59  Command Center, Hellion x3  
  193  17:00  Command Center  
  199  17:29  Liberator x2  
  199  17:30  Liberator x3  
  199  17:33  Cyclone x2  
  184  17:39  Cyclone  
  168  17:45  Liberator  
  168  17:46  Hellion x3  
  184  18:05  Cyclone x2  
  171  18:11  Cyclone  
  171  18:12  Liberator, Hellion x3  
  151  18:19  Hellion  
  126  18:37  Cyclone  
  126  18:38  Viking  
  104  18:49  Viking x2  
  99  19:01  Viking  
  99  19:02  Viking  
Show
View Real Time Build Order
Export as new Build Order

Scarlett Zerg - Winner!

Build Orders: Hatch First, Brood Lord Corruptor 

Get SALT Encoding   

  12  0:00  Drone  
  13  0:13  Overlord  
  13  0:16  Drone  
  14  0:31  Drone  
  14  0:32  Drone  
  16  0:47  Hatchery  
  15  0:51  Drone  
  15  0:54  Drone  
  17  0:58  Drone  
  18  1:09  Extractor  
  17  1:12  Spawning Pool  
  17  1:16  Drone  
  17  1:19  Drone  
  18  1:28  Drone  
  19  1:41  Drone  
  20  1:59  Queen  
  20  2:00  Queen, Zergling x4  
  26  2:01  Overlord  
  26  2:09  Metabolic Boost  
  26  2:12  Drone x2  
  28  2:21  Drone  
  29  2:23  Drone  
  30  2:31  Extractor  
  30  2:32  Drone  
  30  2:33  Drone  
  31  2:39  Queen  
  31  2:42  Overlord  
  33  2:45  Drone  
  34  3:06  Drone x2  
  34  3:07  Hatchery  
  34  3:12  Drone x5  
  39  3:22  Queen  
  39  3:26  Overlord  
  41  3:37  Drone x2  
  43  3:46  Drone  
  43  3:47  Drone x7  
  51  3:50  Overlord  
  51  3:54  Extractor  
  50  3:56  Extractor  
  50  3:57  Queen  
  51  4:04  Evolution Chamber  
  51  4:05  Drone x2, Evolution Chamber  
  51  4:09  Lair, Drone x2  
  53  4:16  Drone x4  
  57  4:22  Drone  
  57  4:23  Drone  
  57  4:24  Drone x2  
  61  4:28  Queen  
  63  4:32  Baneling Nest  
  63  4:34  Overlord  
  63  4:35  Drone  
  63  4:38  Overlord  
  63  4:39  Drone  
  63  4:41  Drone  
  65  4:46  Zerg Ground Armor Level 1  
  65  4:48  Zerg Melee Weapons Level 1  
  65  4:53  Drone x4  
  65  4:57  Drone x3  
  72  5:02  Overlord  
  72  5:03  Drone x3  
  75  5:09  Overseer  
  75  5:10  Overlord  
  75  5:13  Drone x2  
  77  5:14  Extractor  
  77  5:18  Drone x4  
  77  5:21  Centrifical Hooks, Extractor  
  79  5:25  Drone  
  80  5:30  Spire  
  80  5:34  Zergling x16  
  87  5:41  Queen x2  
  91  5:43  Overseer  
  91  5:45  Spore Crawler  
  91  5:46  Spore Crawler  
  91  5:48  Spore Crawler  
  88  5:52  Drone x3  
  88  5:53  Drone x2  
  93  6:00  Overlord  
  93  6:04  Hatchery  
  93  6:06  Overlord  
  93  6:07  Overlord  
  93  6:10  Overlord  
  92  6:15  Overlord  
  87  6:27  Drone  
  87  6:28  Drone x2  
  87  6:29  Drone x3  
  91  6:38  Overlord  
  90  6:40  Drone x2  
  90  6:42  Baneling x7  
  90  6:44  Corruptor x3  
  90  6:46  Zerg Flyer Weapons Level 1  
  98  6:48  Zerg Missile Weapons Level 1  
  98  6:53  Overseer  
  98  6:56  Pneumatized Carapace  
  98  6:57  Corruptor x2  
  98  7:00  Zerg Melee Weapons Level 2  
  102  7:06  Roach Warren  
  101  7:09  Corruptor  
  101  7:12  Infestation Pit  
  102  7:18  Drone x9  
  111  7:28  Drone  
  111  7:29  Drone x7  
  119  7:31  Extractor  
  119  7:34  Extractor  
  117  7:41  Corruptor x4  
  125  7:49  Hive, Glial Reconstitution  
  125  7:50  Roach  
  127  7:53  Overlord, Roach x2  
  131  8:01  Overlord x2  
  131  8:02  Overlord x3  
  131  8:11  Overlord x3  
  131  8:19  Hatchery  
  130  8:22  Pathogen Glands  
  130  8:24  Burrow  
  132  8:27  Roach x3  
  132  8:31  Hatchery, Drone x2  
  137  8:35  Roach x5  
  137  8:37  Ravager x3  
  150  8:55  Infestor x4  
  154  9:03  Queen  
  154  9:07  Greater Spire  
  156  9:17  Zerg Melee Weapons Level 3  
  156  9:18  Zerg Missile Weapons Level 2  
  156  9:20  Extractor  
  156  9:21  Extractor  
  156  9:22  Spore Crawler, Spine Crawler  
  152  9:29  Baneling x2  
  152  9:30  Ravager x2  
  154  9:33  Baneling x4  
  132  9:53  Corruptor x3  
  132  9:54  Infestor  
  132  9:55  Drone  
  132  9:56  Drone x4  
  132  9:57  Drone x3  
  148  10:08  Queen  
  148  10:13  Zergling x26  
  162  10:16  Zergling x2  
  162  10:17  Zergling x36  
  173  10:30  Corruptor x7  
  162  10:43  Infestor x3  
  155  10:52  Corruptor x3  
  155  10:54  Queen x4  
  166  11:01  Spore Crawler  
  163  11:11  Zerg Flyer Weapons Level 2  
  146  11:26  Roach  
  146  11:27  Zergling x2, Roach x4  
  146  11:29  Infestor x4  
  159  11:33  Brood Lord  
  159  11:35  Zergling x24  
  173  11:43  Ravager x2  
  173  11:44  Zergling x16  
  183  11:51  Hatchery  
  168  12:02  Baneling x3  
  167  12:15  Queen  
  167  12:16  Queen  
  171  12:23  Hatchery  
  171  12:24  Drone  
  171  12:25  Drone x2  
  171  12:27  Spine Crawler  
  171  12:28  Spine Crawler  
  171  12:31  Brood Lord x4  
  171  12:32  Corruptor  
  171  12:33  Corruptor x4  
  171  12:36  Spine Crawler, Baneling x8  
  188  12:42  Drone x5  
  190  12:46  Infestor x7  
  190  12:47  Infestor x3  
  190  12:52  Spore Crawler x3  
  190  12:53  Spore Crawler  
  190  12:54  Spore Crawler  
  190  12:58  Corruptor x3  
  190  13:11  Corruptor x3  
  196  13:13  Overlord  
  196  13:14  Overlord  
  196  13:19  Drone  
  195  13:20  Infestor x9  
  195  13:24  Drone  
  195  13:26  Zerg Ground Armor Level 2, Zerg Missile Weapons Level 3, Neural Parasite  
  189  13:27  Zerg Flyer Weapons Level 3  
  186  13:34  Drone x3  
  186  13:36  Spore Crawler  
  186  13:41  Baneling x7  
  186  13:43  Ravager x3  
  186  13:44  Ravager  
  190  13:51  Drone x9  
  190  13:52  Spore Crawler, Infestor x9  
  190  13:54  Spore Crawler  
  181  14:04  Viper  
  181  14:05  Viper  
  187  14:10  Zergling x4  
  187  14:11  Zergling x16, Hatchery  
  196  14:18  Unknown  
  196  14:19  Unknown  
  192  14:42  Hatchery  
  191  14:47  Drone x2  
  193  14:54  Brood Lord x3  
  199  15:24  Baneling  
  199  15:25  Baneling x8  
  199  15:27  Spore Crawler  
  199  15:28  Spore Crawler x2  
  197  15:30  Spore Crawler  
  197  15:31  Infestor x6  
  197  15:32  Infestor x2  
  193  15:39  Drone x9  
  198  15:47  Corruptor  
  191  16:05  Zerg Flyer Armor Level 1  
  191  16:09  Corruptor x9  
  196  16:17  Infestor x7  
  196  16:20  Infestor x3  
  200  16:27  Drone x4  
  200  16:28  Drone x6  
  181  16:48  Drone x3  
  181  16:49  Spore Crawler  
  181  16:50  Spore Crawler  
  181  16:52  Spore Crawler  
  181  16:54  Corruptor x6  
  181  16:55  Corruptor x3  
  199  17:06  Spore Crawler  
  199  17:07  Spine Crawler  
  197  17:20  Overseer x3  
  197  17:21  Overseer x2  
  197  17:23  Spore Crawler, Spine Crawler  
  171  17:45  Brood Lord  
  171  17:46  Brood Lord x5, Corruptor x8  
  195  17:59  Infestor x2  
  183  18:13  Corruptor  
  183  18:14  Corruptor x4  
  170  18:30  Corruptor x3  
  172  18:39  Corruptor x2  
  165  18:51  Corruptor x3  
  158  19:08  Roach x3  
  158  19:09  Roach x4  
  154  19:30  Ravager x5  
  154  19:31  Ravager  
Tags
 
Add a new tag
Caveats
  • Supply blocks, unpowered buildings, or Contaminate may cause inaccurate times.
  • Supply counts are checked every 10 seconds.